 Dungeon Crawl Stone Soup version 0.20.1-1-g8b1a95d (console) character file.

2 Goblin1989 the Firebug (level 1, 0/13 HPs)
             Began as a Demonspawn Fire Elementalist on July 6, 2017.
             Slain by a jackal (1 damage)
             ... on level 2 of the Dungeon.
             The game lasted 00:02:11 (286 turns).

Goblin1989 the Firebug (DsFE)                        Turns: 286, Time: 00:02:11

Health: 0/13       AC:  2    Str:  8    XL:     1   Next: 33%
Magic:  1/3        EV: 12    Int: 16    God:
Gold:   24         SH:  0    Dex: 13    Spells: 3/4 levels left

rFire    . . .     SeeInvis .   (no weapon)
rCold    . . .     Gourm    .   (no shield)
rNeg     . . .     Faith    .   a - +0 robe
rPois    .         Spirit   .   (no helmet)
rElec    .         Reflect  .   (no cloak)
rCorr    .         Harm     .   (no gloves)
MR       .....                  (no boots)
Stlth    ++........             (no amulet)
Regen    0.1/turn               (no ring)
MPRegen  0.1/turn               (no ring)

@: no status effects
A: no striking features
a: no special abilities


You were on level 2 of the Dungeon.
You were not hungry.

You visited 1 branch of the dungeon, and saw 2 of its levels.

You collected 24 gold pieces.

Inventory:

Armour
 a - a +0 robe (worn)
Potions
 f - a potion of ambrosia
Books
 b - a book of Flames

   Spells                             Type                      Level
   a - Flame Tongue                   Conjuration/Fire             1
   b - Throw Flame                    Conjuration/Fire             2
   c - Conjure Flame                  Conjuration/Fire             3
   d - Inner Flame                    Hexes/Fire                   3
   e - Sticky Flame                   Conjuration/Fire             4
   f - Fireball                       Conjuration/Fire             5
Comestibles
 e - a bread ration {@e1}


   Skills:
 - Level 1.7 Dodging
 - Level 1.7 Stealth
 + Level 2.0 Spellcasting
 * Level 1.0 Conjurations
 * Level 2.8 Fire Magic


You had 3 spell levels left.
You knew the following spells:

 Your Spells              Type           Power        Failure   Level  Hunger
a - Flame Tongue          Conj/Fire      #....        10%         1    #......


Dungeon Overview and Level Annotations

Branches:
Dungeon (2/15)

Altars:


Message History

You now have 1/3 mp.
Casting: Flame Tongue
Confirm with . or Enter, or press ? or * to list all spells.
Aiming: Flame Tongue
Press: ? - help, Shift-Dir - straight line, f/p - jackal
Aim: a jackal The flame tongue hits the jackal.
The jackal is lightly wounded.
The jackal barely misses you.
You now have 0/3 mp.
Casting: Flame Tongue
Confirm with . or Enter, or press ? or * to list all spells.
You don't have enough magic to cast that spell.
The jackal bites you but does no damage.
The jackal closely misses you.
You miss the jackal. The jackal misses you.
The jackal pauses to sniff the ground.
The jackal barely misses you.
You hit the jackal.
The jackal is lightly wounded.
The jackal bites you but does no damage.
You hit the jackal but do no damage.
The jackal is lightly wounded.
The jackal bites you but does no damage.
You hit the jackal.
The jackal is moderately wounded.
The jackal misses you. The jackal bites you.
You take 2 damage, and have 8/13 hp.
You closely miss the jackal.
The jackal is moderately wounded.
The jackal closely misses you.
You barely miss the jackal.
The jackal is moderately wounded.
The jackal misses you.
The jackal bites you but does no damage.
You barely miss the jackal.
The jackal is moderately wounded.
The jackal barely misses you.
You hit the jackal but do no damage.
The jackal is moderately wounded.
The jackal barely misses you.
You closely miss the jackal.
The jackal is moderately wounded.
The jackal misses you. The jackal bites you.
You take 1 damage, and have 7/13 hp.
You closely miss the jackal.
The jackal is moderately wounded.
The jackal closely misses you.
Casting: Flame Tongue
Confirm with . or Enter, or press ? or * to list all spells.
Aiming: Flame Tongue
Press: ? - help, Shift-Dir - straight line, f/p - jackal
Aim: a jackal (moderately wounded)
The flame tongue misses the jackal.
The jackal bites you but does no damage.
The jackal barely misses you.
You now have 0/3 mp.
You hit the jackal but do no damage.
The jackal is moderately wounded.
The jackal closely misses you.
You closely miss the jackal.
The jackal is moderately wounded.
The jackal barely misses you.
You miss the jackal.
The jackal is moderately wounded.
The jackal completely misses you. The jackal bites you.
* * * LOW HITPOINT WARNING * * *
You take 3 damage, and have 4/13 hp.
MASSIVE DAMAGE!!
You closely miss the jackal.
The jackal is lightly wounded.
The jackal bites you.
* * * LOW HITPOINT WARNING * * *
You take 1 damage, and have 3/13 hp.
The jackal bites you.
* * * LOW HITPOINT WARNING * * *
A jackal comes into view.
You take 2 damage, and have 1/13 hp.
A jackal comes into view.
The jackal moves out of view.
Casting: Flame Tongue
Confirm with . or Enter, or press ? or * to list all spells.
Aiming: Flame Tongue
Press: ? - help, Shift-Dir - straight line, f/p - jackal
Aim: a jackal (lightly wounded)
The flame tongue misses the jackal.
The jackal closely misses you.
The jackal bites you but does no damage.
You now have 0/3 mp.
The jackal misses you.
The jackal barks!
The jackal bites you but does no damage.
The jackal bites you.
* * * LOW HITPOINT WARNING * * *
You take 1 damage, and have 1/13 hp.
The jackal bites you but does no damage.
As you read the scroll labeled TAPUAWK WUEKK, it crumbles to dust.
It is a scroll of identify.
f - a potion of ambrosia The jackal pauses to sniff the ground.
The jackal bites you.
You die... ███..█ █████..███ █.h..h...█ █.██████.█ █.█ █.█ █.█ █.█ █h█ █h█ █.█ █h█

████.█
█@█
█...<█
█.█
█P....█
█.█
█..♣PP.█
█.█ █.P
♣♣..█
█.█ █.
P..█ █.█
. P..█
█.█ .
.███ █.█
..██


█████ █.█ You could see 2 jackals.

Vanquished Creatures
  A leopard gecko (D:2)
  A frilled lizard (D:2)
2 creatures vanquished.

Notes
Turn   | Place    | Note
-------+----------+-------------------------------------------
     0 | D:1      | Goblin1989 the Demonspawn Fire Elementalist began the quest for the Orb.
     0 | D:1      | Reached XP level 1. HP: 13/13 MP: 3/3
    39 | D:1      | You fall through a shaft!
   286 | D:2      | Slain by a jackal

Action                   || total
-------------------------++-------
Melee: Unarmed           ||    14
 Cast: Flame Tongue      ||     9
  Use: Scroll            ||     1
Armor: Robe              ||     8
Dodge: Dodged            ||    28

Vault maps used:
D:1:      minmay_arrival_hallway, minmay_surrounded
D:2:      lemuel_crystal_altar, serial_forest, infiniplex_forest_end_1,
          infiniplex_forest_lined_corner, infiniplex_forest_clump_small,
          infiniplex_forest_lined_3, infiniplex_forest_clump_small
